Map: Terraços Prion

Players

YEAH - Winner!

  • Race: Zerg Zerg
  • League: Master

eduba

  • Race: Terran Terran
  • League: Master

VOD

Have the link to the VOD?

Description

Time

  • Played on: April 7, 2016, 9:13 a.m.
  • Length: 15:39
Show
View Real Time Build Order
Export as new Build Order

YEAH Zerg - Winner!

Build Orders: Hatch First, Lurkers, Roach Nydus 

Get SALT Encoding   

  12  0:01  Drone  
  13  0:12  Overlord  
  13  0:17  Drone  
  14  0:31  Drone x2  
  14  0:35  Drone  
  17  0:45  Drone  
  18  0:56  Hatchery  
  17  0:59  Drone  
  17  1:01  Extractor  
  17  1:07  Drone  
  18  1:20  Spawning Pool  
  18  1:24  Drone  
  18  1:31  Drone  
  19  1:41  Overlord  
  19  1:50  Drone  
  20  2:03  Drone  
  20  2:07  Queen, Metabolic Boost  
  23  2:12  Queen  
  25  2:16  Zergling x2  
  25  2:18  Zergling x2  
  25  2:21  Zergling x2  
  28  2:26  Zergling x2  
  29  2:30  Zergling x2  
  29  2:35  Drone  
  31  2:42  Drone  
  31  2:44  Drone  
  32  2:47  Lair  
  32  2:51  Drone  
  32  2:55  Drone  
  33  3:00  Extractor  
  33  3:01  Extractor  
  33  3:03  Drone  
  32  3:06  Drone  
  32  3:12  Overlord  
  33  3:16  Extractor, Drone  
  33  3:24  Drone x3  
  36  3:32  Roach Warren  
  35  3:37  Drone x5  
  40  3:45  Overlord  
  39  3:57  Overlord  
  39  4:00  Drone x2  
  39  4:02  Drone x2  
  43  4:11  Glial Reconstitution  
  43  4:14  Roach x3  
  49  4:20  Roach x2  
  53  4:25  Roach  
  53  4:28  Roach  
  53  4:31  Roach  
  59  4:35  Overlord  
  59  4:44  Overlord  
  59  4:53  Roach x3  
  59  4:57  Roach x2  
  59  4:58  Roach x2  
  67  5:05  Roach  
  69  5:09  Ravager x3  
  69  5:13  Overlord  
  67  5:14  Roach x2  
  67  5:15  Roach  
  73  5:21  Roach  
  73  5:26  Overlord  
  75  5:31  Nydus Network  
  75  5:32  Overlord  
  75  5:35  Roach x4  
  82  5:40  Overlord  
  82  5:49  Ravager  
  84  5:50  Ravager x4  
  87  5:58  Roach x2  
  87  5:59  Overlord  
  87  6:01  Roach  
  92  6:06  Roach x3  
  92  6:09  Roach  
  100  6:14  Nydus Canal  
  100  6:15  Roach  
  102  6:23  Ravager x2  
  102  6:24  Overlord  
  104  6:26  Roach  
  104  6:29  Roach  
  108  6:33  Roach x2  
  108  6:36  Roach  
  113  6:44  Roach x2  
  113  6:46  Roach  
  108  6:49  Roach  
  108  6:52  Roach  
  112  6:59  Roach x2  
  116  7:05  Roach x2  
  114  7:11  Drone x3  
  115  7:30  Infestation Pit  
  115  7:32  Tunneling Claws  
  115  7:34  Burrow  
  114  7:38  Hatchery  
  114  7:42  Drone x3  
  116  7:47  Queen  
  118  7:52  Drone  
  118  7:53  Drone  
  118  7:54  Drone  
  118  7:56  Drone  
  122  7:58  Overlord  
  122  8:11  Hydralisk Den, Overlord  
  121  8:24  Overlord  
  121  8:32  Roach x2  
  115  8:36  Roach  
  111  8:41  Roach  
  111  8:47  Hydralisk x5  
  111  8:48  Hydralisk  
  124  8:55  Hatchery, Hydralisk  
  127  8:59  Lurker Den  
  127  9:02  Roach  
  127  9:07  Roach x2  
  131  9:17  Roach x2  
  109  9:43  Overlord  
  105  10:11  Hydralisk x5  
  98  10:27  Lurker  
  98  10:28  Lurker x6  
  99  10:29  Roach  
  99  10:30  Roach x3  
  99  10:31  Overlord  
  99  10:32  Roach  
  99  10:33  Roach x2  
  99  10:35  Hydralisk x3  
  111  10:42  Roach x2  
  123  10:43  Roach  
  117  10:59  Roach x2  
  117  11:01  Roach x4  
  117  11:02  Roach x3  
  135  11:04  Roach  
  134  11:18  Lurker x2  
  134  11:19  Lurker, Overlord  
  134  11:20  Zergling x2  
  134  11:22  Overlord  
  138  11:51  Nydus Canal  
  138  11:52  Hydralisk  
  138  11:53  Hydralisk x4  
  148  11:57  Roach  
  150  12:02  Roach  
  149  12:13  Roach  
  149  12:14  Roach  
  153  12:22  Roach  
  140  12:49  Roach  
  141  13:07  Hatchery  
  141  13:11  Roach  
  119  14:08  Spawning Pool  
  89  15:15  Roach x23  
Show
View Real Time Build Order
Export as new Build Order

eduba Terran 

Build Orders: Reaper Expand, MMM Bio 

Get SALT Encoding   

  12  0:00  SCV  
  13  0:13  SCV  
  14  0:19  Supply Depot  
  14  0:25  SCV  
  15  0:41  SCV  
  16  0:43  Barracks  
  16  0:45  Refinery  
  16  0:53  SCV  
  17  1:05  SCV  
  18  1:17  SCV  
  18  1:34  Reaper  
  18  1:38  Command Center  
  19  1:43  Orbital Command  
  19  1:50  Supply Depot  
  19  2:03  Refinery  
  19  2:09  SCV  
  19  2:12  Barracks Reactor  
  20  2:21  SCV  
  21  2:25  Factory  
  21  2:31  Barracks  
  21  2:35  SCV  
  22  2:55  Marine x2  
  22  2:57  Orbital Command  
  24  2:59  SCV  
  25  3:09  Bunker, Factory Tech Lab  
  25  3:13  Starport  
  25  3:17  SCV  
  26  3:26  Marine x2  
  28  3:36  Siege Tank  
  28  3:37  Barracks Tech Lab  
  31  3:44  Marine x2, SCV  
  31  3:47  SCV  
  35  3:52  Medivac  
  37  3:55  Marine  
  37  3:58  Stimpack, SCV  
  37  4:02  Supply Depot  
  39  4:04  SCV  
  39  4:08  Marine x2  
  42  4:13  Marine  
  42  4:14  SCV  
  47  4:24  Siege Tank  
  47  4:27  Marine x2  
  49  4:34  Marine  
  49  4:38  Barracks  
  50  4:40  Supply Depot, Medivac  
  50  4:45  Marine x2  
  54  4:53  SCV  
  54  4:54  Supply Depot  
  54  5:01  Marine  
  54  5:02  Marine, SCV  
  57  5:19  Siege Tank  
  57  5:20  Medivac  
  57  5:21  Marine x3  
  65  5:34  Barracks Reactor  
  65  5:39  Marine x2  
  67  5:43  Engineering Bay, SCV x2, Barracks  
  67  5:44  Marine  
  69  6:09  SCV  
  70  6:15  Marine x4, SCV  
  70  6:16  Supply Depot  
  70  6:17  Supply Depot, Terran Infantry Weapons Level 1  
  70  6:18  Marine  
  76  6:19  Combat Shields  
  76  6:21  Starport Reactor  
  76  6:32  Marine  
  76  6:33  Marine  
  76  6:37  Marine x3  
  81  6:45  Marine  
  80  6:50  Marine  
  70  7:13  Siege Tank  
  70  7:14  Medivac  
  75  7:20  Marine  
  75  7:21  Barracks Reactor, Marine x2  
  78  7:23  Marine  
  78  7:24  Marine  
  80  7:31  SCV x2  
  80  7:36  Command Center  
  82  7:38  Marine x2  
  82  7:39  Marine, Barracks  
  82  7:40  Barracks x2  
  82  7:41  Marine  
  86  7:54  Marine  
  86  7:56  Marine x2  
  89  7:59  SCV x2  
  89  8:03  Siege Tank  
  94  8:05  Refinery  
  94  8:07  Refinery  
  94  8:21  Command Center  
  94  8:28  SCV  
  94  8:34  Marine x2  
  91  8:44  Marine x2  
  93  8:52  Marine  
  93  8:53  Marine x3  
  93  8:54  Siege Tank  
  99  9:08  Marine x2  
  95  9:20  Marine x2  
  97  9:38  Marine  
  97  9:39  Marine x3  
  97  9:40  Marine x3  
  97  9:43  Siege Tank  
  107  9:56  Barracks Tech Lab, Barracks Reactor x2, Marine x2  
  107  9:57  Terran Infantry Armor Level 1  
  107  9:59  Marine x2  
  113  10:00  Marauder  
  113  10:31  Marine x2  
  113  10:32  Marine x2  
  113  10:33  Marine x2  
  113  10:34  Marauder x2  
  123  10:42  Orbital Command  
  123  10:43  Supply Depot, Orbital Command  
  123  10:54  Medivac  
  123  10:55  Medivac  
  123  10:56  Marauder  
  122  11:05  Siege Tank  
  122  11:08  Marine x3  
  128  11:13  Marine x2  
  128  11:14  Marine x2  
  132  11:39  Marine  
  132  11:42  Orbital Command  
  132  11:43  Marine x3  
  132  12:22  Marine  
  132  12:23  Marine x2  
  132  12:25  Marine  
  132  12:27  Marine  
  132  12:28  Marine  
  132  12:42  Marine x2  
  132  12:45  Marine  
  132  12:54  Marine  
  132  12:56  Marauder  
  131  13:00  Marauder, Marine  
  110  14:10  Barracks  
  110  14:11  Barracks  
  110  14:13  Barracks x2  
  110  14:15  Barracks  
  110  14:41  Orbital Command  
  110  14:42  Supply Depot  
  110  14:44  Supply Depot x2  
  110  14:45  Supply Depot x2  
  107  14:46  Supply Depot  
  107  14:50  Orbital Command  
  107  14:51  Orbital Command  
Tags
 
Add a new tag
Caveats
  • Supply blocks, unpowered buildings, or Contaminate may cause inaccurate times.
  • Supply counts are checked every 10 seconds.